 Dungeon Crawl Stone Soup version 0.25.1-2-g60ff931df9 (webtiles) character file.

Game seed: 11369235537574866781

24636 gruber the Devastator (level 13, -4/71 HPs)
             Began as an Octopode Venom Mage on Dec 1, 2020.
             Was a High Priest of Vehumet.
             Killed from afar by a red draconian (10 damage)
             ... with a searing blast
             ... in a volcano.
             The game lasted 00:31:39 (19482 turns).

gruber the Devastator (Octopode Venom Mage)        Turns: 19482, Time: 00:31:41

Health: -4/71      AC:  2    Str:  8    XL:     13   Next: 14%
Magic:  7/26       EV: 13    Int: 21    God:    Vehumet [*****.]
Gold:   960        SH:  7    Dex: 13    Spells: 11/30 levels left

rFire    + . .     SeeInvis .   P - staff of conjuration
rCold    . . .     Gourm    .   n - +2 buckler
rNeg     . . .     Faith    .   R - +1 hat {MR+}
rPois    .         Spirit   .   (no amulet)
rElec    .         Reflect  .   a - ring of protection from fire
rCorr    .         Harm     .   (no ring)
MR       +....                  (no ring)
Stlth    +++.......             (no ring)
HPRegen  0.21/turn              (no ring)
MPRegen  0.20/turn              (no ring)
                                (no ring)
                                (no ring)

@: no status effects
A: almost no armour, stealthy swim, amphibious, 8 rings, constrict 8, camouflage
1, gelatinous body 1
a: Renounce Religion


You were in a volcano.
You worshipped Vehumet.
Vehumet was extremely pleased with you.
You were not hungry.

You visited 2 branches of the dungeon, and saw 15 of its levels.
You also visited: Volcano.

You collected 960 gold pieces.

Inventory:

Hand Weapons
 p - a +3 whip
 F - a +3 vorpal spear
Missiles
 c - 53 poisoned darts (quivered)
Armour
 n - a +2 buckler (worn)
 R - a +1 hat of magic resistance (worn)
Magical Staves
 P - an uncursed staff of conjuration (weapon)
Jewellery
 a - a ring of protection from fire (left tentacle)
 S - an uncursed amulet of faith
Wands
 w - a wand of iceblast (25)
 y - a wand of clouds (2)
 A - a wand of random effects (14)
 E - a wand of acid (3)
 H - a wand of flame (18)
 J - a wand of enslavement (13)
 M - a wand of disintegration (6)
 O - a wand of paralysis (15)
 Q - a wand of polymorph (12)
Scrolls
 e - 3 scrolls of immolation {unknown}
 g - 4 scrolls of remove curse
 h - 2 scrolls of fog {unknown}
 k - 2 scrolls of fear {unknown}
 l - 8 scrolls of teleportation
 s - 2 scrolls of random uselessness {unknown}
 t - a scroll of magic mapping {unknown}
 u - 4 scrolls of enchant armour {unknown}
 v - 2 scrolls of amnesia {unknown}
 x - 2 scrolls of noise {unknown}
 B - a scroll of blinking {unknown}
 C - a scroll of enchant weapon {unknown}
 K - a scroll of silence {unknown}
 L - a scroll of identify
Potions
 d - 6 potions of curing
 f - 3 potions of degeneration {unknown}
 i - a potion of flight
 j - 3 potions of lignification
 m - 3 potions of mutation
 o - a potion of resistance
 q - a potion of brilliance
 r - a potion of heal wounds
 z - a potion of might
 D - a potion of stabbing
 G - a potion of invisibility {unknown}
 I - 2 potions of magic {unknown}
 N - a potion of haste {unknown}
 T - a potion of berserk rage {unknown}
Comestibles
 b - 24 rations


   Skills:
 - Level 2.0 Dodging
 - Level 2.6 Stealth
 - Level 5.3 Shields
 - Level 9.0 Spellcasting
 * Level 15.5 Conjurations
 - Level 1.0 Transmutations
 - Level 0.1 Air Magic
 - Level 8.3 Earth Magic
 - Level 7.0 Poison Magic


You had 11 spell levels left.
You knew the following spells:

 Your Spells              Type           Power        Failure   Level  Hunger
a - Sting                 Tmut/Pois      ####         1%          1    None
b - Olgreb's Toxic Radia  Pois           #####...     1%          4    ###....
c - Mephitic Cloud        Conj/Pois/Air  ######..     1%          3    None
d - Ignite Poison         Fire/Tmut/Pois ###.....     1%          3    None
e - Stone Arrow           Conj/Erth      ######       1%          3    None
f - Fireball              Conj/Fire      ######....   2%          5    #####..

Your spell library contained the following spells:

 Spells                   Type           Power        Failure   Level  Hunger
 Shock                    Conj/Air       ####         1%          1    None
 Static Discharge         Conj/Air       ######..     1%          3    None
 Poisonous Vapours        Pois/Air       ###...       2%          2    None
 Lightning Bolt           Conj/Air       ######....   2%          5    #####..
 Infusion                 Chrm           #...         7%          1    None
 Shroud of Golubria       Chrm/Tloc      #.....       11%         2    None
 Song of Slaying          Chrm           #.......     11%         2    None
 Swiftness                Chrm/Air       #.......     11%         2    None
 Airstrike                Air            #.........   17%         4    ###....
 Ozocubu's Armour         Chrm/Ice       #.......     22%         3    None
 Spectral Weapon          Hex/Chrm       #.......     22%         3    None


Dungeon Overview and Level Annotations

Branches:
Dungeon (12/15)            Temple (0/1) D:4            Lair (3/6) D:8
 Shoals (0/4) Lair:3          Orc (0/2) D:10        Volcano (1/1)
  Snake: Lair:2-4    Spider: Lair:2-4

Altars:
Cheibriados
Elyvilon
Hepliaklqana
Nemelex Xobeh
Okawaru
Vehumet
Xom
Zin
The Shining One

Shops:
D:4 [   D:7 (   D:8 }   D:10 [

Annotations:
D:3 Purgy
D:8 2 transporters
D:10 1 runed translucent door, Frank's ghost, journeyman DsGl


Innate Abilities, Weirdness & Mutations

You cannot wear most types of armour.
You are very stealthy in the water. (Stealth+)
You are amphibious.
You can wear up to eight rings at the same time.
You can use your tentacles to constrict eight enemies at once.
Your skin changes colour to match your surroundings (Stealth+).
Your rubbery body absorbs attacks. (AC +1, EV +1)


Message History

* * * LOW HITPOINT WARNING * * *
Unknown command.
Unknown command.
Evoke which item? (* to show all) (? for menu, Esc to quit)
Aiming: Corrosive Bolt
Press: ? - help, Shift-Dir - straight line The bolt of acid misses the red draconian.
The red draconian is engulfed in noxious fumes.
The red draconian hits you with a +1 demon whip of flaming.
* * * LOW HITPOINT WARNING * * *
Unknown command.
Unknown command.
Unknown command.
Evoke which item? (* to show all) (? for menu, Esc to quit)
Aiming: Iceblast
Press: ? - help, Shift-Dir - straight line
Okay, then.
The red draconian breathes flames at you.
The searing blast hits you! You resist.
You die...

§≈≈≈≈§≈≈≈≈≈≈≈≈≈≈.....##..d##...#
≈≈§§§≈≈§≈§§≈≈≈§§§§≈...#._......##
§§≈§≈§≈§≈§≈≈≈≈§§≈≈≈...#...##....#
≈≈≈≈≈≈§≈≈≈§§≈≈≈≈§.).#######.....#
≈≈§≈≈§§≈§≈§§≈≈≈§≈..## ##..##..#
.≈≈§§≈§≈≈≈≈§≈≈≈§..## ##..###..#
..≈≈≈§§§≈§§§§§≈§..### ##..## #..#
..§≈.≈≈≈≈≈≈≈≈≈≈....8###..## #..#
#.§..≈≈≈≈≈§≈≈≈≈○@.d...).∩# 8..#
####...≈≈≈≈≈≈......8###..# #..#
####..≈.≈≈....#### ##..# '..#
##...)..#### ##..# #..# ########
#..# #... #.. ..


You could see a red draconian (very poisoned, catching breath).

Vanquished Creatures
  Gastronok (Lair:2)
  An ogre mage (Volcano)
  A hydra (Lair:3)
  Erica (D:10)
  5 two-headed ogres (Volcano)
  An unseen horror (D:10)
  A manticore (D:12)
  Maurice (D:10)
  3 spiny frogs
  Maggie (D:7)
  4 komodo dragons
  A queen bee (D:12)
  2 merfolk (Lair:3)
  2 trolls
  Prince Ribbit (D:7)
  7 hippogriffs
  A shadow (D:12)
  A wraith (D:10)
  3 wyverns (D:12)
  10 fire bats
  8 yaks
  A basilisk (Lair:1)
  A soldier ant (D:9)
  An acid dragon (D:11)
  A water moccasin (Lair:1)
  A porcupine (Lair:1)
  A black bear (D:9)
  4 ice beasts
  7 orc warriors
  2 sky beasts
  An eye of draining (D:12)
  3 phantoms
  12 wolves
  5 ogres
  3 centaurs
  A big kobold (D:11)
  7 crocodiles
  Blork the orc (D:4)
  4 bullfrogs
  A gnoll sergeant (D:8)
  A wyvern zombie (D:11)
  26 killer bees
  A scorpion (D:12)
  4 electric eels (Lair:1)
  2 howler monkeys
  5 lava snakes (Volcano)
  6 crimson imps
  2 centaur zombies
  A bullfrog zombie (D:12)
  6 hounds
  2 jellies
  2 bullfrog skeletons
  A centaur skeleton (D:4)
  9 orc priests
  15 orc wizards
  5 iguanas
  5 worker ants
  A hound zombie (D:10)
  2 hound skeletons
  Robin (D:3)
  17 gnolls
  14 adders
  3 shadow imps
  3 adder skeletons
  3 worms
  2 leopard geckos
  52 orcs
  2 ball pythons (D:2)
  7 bats
  5 giant cockroaches
  17 goblins
  15 hobgoblins
  13 jackals
  6 quokkas
  5 frilled lizards
  A giant cockroach zombie (D:6)
  16 kobolds
  A leopard gecko skeleton (D:9)
  2 quokka skeletons
  11 rats
405 creatures vanquished.

Vanquished Creatures (others)
  A fungus (Lair:2)
  A plant (Lair:2)
2 creatures vanquished.

Grand Total: 407 creatures vanquished

Notes
Turn   | Place    | Note
-------+----------+-------------------------------------------
     0 | D:1      | gruber the Octopode Venom Mage began the quest for the Orb.
     0 | D:1      | Reached XP level 1. HP: 11/11 MP: 3/3
   289 | D:1      | Reached XP level 2. HP: 4/17 MP: 1/5
  1289 | D:2      | Reached skill level 5 in Poison Magic
  1289 | D:2      | Reached XP level 3. HP: 21/21 MP: 2/6
  1562 | D:2      | Found a radiant altar of Vehumet.
  1590 | D:2      | Became a worshipper of Vehumet
  1730 | D:2      | Found a sparkling altar of Nemelex Xobeh.
  1744 | D:2      | Reached XP level 4. HP: 23/27 MP: 2/7
  1824 | D:2      | Learned a level 4 spell: Olgreb's Toxic Radiance
  2207 | D:2      | Reached XP level 5. HP: 21/31 MP: 3/8
  2463 | D:2      | Learned a level 3 spell: Mephitic Cloud
  3009 | D:3      | Reached XP level 6. HP: 20/36 MP: 0/10
  3118 | D:3      | Reached * piety under Vehumet
  3118 | D:3      | Offered knowledge of Magic Dart by Vehumet.
  3362 | D:3      | Noticed Robin
  3425 | D:3      | Killed Robin
  3501 | D:3      | Noticed Purgy
  3552 | D:3      | Found an iron altar of Okawaru.
  3679 | D:3      | Found a glowing golden altar of the Shining One.
  3679 | D:3      | Found a white marble altar of Elyvilon.
  3679 | D:3      | Found a glowing silver altar of Zin.
  3737 | D:3      | Learned a level 3 spell: Ignite Poison
  3859 | D:4      | Noticed Blork the orc
  3864 | D:4      | Killed Blork the orc
  3995 | D:4      | Found a staircase to the Ecumenical Temple.
  4194 | D:4      | Reached skill level 1 in Shields
  4194 | D:4      | Reached XP level 7. HP: 35/41 MP: 4/13
  4239 | D:4      | Offered knowledge of Sandblast by Vehumet.
  4971 | D:4      | Found Kalo Usaff's Antique Armour Shop.
  5126 | D:5      | Entered Level 5 of the Dungeon
  5274 | D:5      | Reached skill level 5 in Shields
  5274 | D:5      | Reached XP level 8. HP: 39/46 MP: 6/14
  5570 | D:5      | Reached ** piety under Vehumet
  5570 | D:5      | Reached skill level 5 in Spellcasting
  5637 | D:5      | You fall into a shaft and drop 1 floor!
  6021 | D:6      | Reached skill level 1 in Conjurations
  6378 | D:6      | Reached skill level 2 in Conjurations
  6508 | D:6      | Offered knowledge of Stone Arrow by Vehumet.
  6549 | D:6      | Learned a level 3 spell: Stone Arrow
  6556 | D:6      | Reached skill level 3 in Conjurations
  6687 | D:6      | Reached skill level 4 in Conjurations
  6977 | D:7      | Found Xietacod's Weapon Shoppe.
  6992 | D:7      | Reached *** piety under Vehumet
  6992 | D:7      | Reached skill level 5 in Conjurations
  6992 | D:7      | Reached XP level 9. HP: 51/51 MP: 5/18
  7091 | D:7      | Noticed Maggie
  7096 | D:7      | Killed Maggie
  7096 | D:7      | Reached skill level 6 in Conjurations
  7407 | D:7      | Reached skill level 7 in Conjurations
  7502 | D:7      | Reached skill level 1 in Earth Magic
  7699 | D:7      | Found a snail-covered altar of Cheibriados.
  7761 | D:7      | Noticed Prince Ribbit
  7770 | D:7      | Killed Prince Ribbit
  8407 | D:8      | Found Oroem's Gadget Boutique.
  8576 | D:8      | Reached skill level 8 in Conjurations
  8751 | D:8      | Offered knowledge of Static Discharge by Vehumet.
  8975 | D:8      | Found a transporter.
  8981 | D:8      | Noticed a cyclops
  8983 | D:8      | Found a transporter.
  8983 | D:8      | Noticed a centaur warrior
  8983 | D:8      | Noticed a fire crab
  8996 | D:8      | Found a hazy altar of Hepliaklqana.
  9187 | D:8      | Found a staircase to the Lair.
  9332 | D:8      | Reached XP level 10. HP: 49/56 MP: 19/19
  9436 | D:9      | Reached skill level 5 in Earth Magic
  9850 | D:9      | Reached **** piety under Vehumet
  9933 | D:9      | Offered knowledge of Lightning Bolt by Vehumet.
 10797 | D:10     | Entered Level 10 of the Dungeon
 10826 | D:10     | Found a staircase to the Orcish Mines.
 10828 | D:10     | Found Giopsoic's Armour Shop.
 10833 | D:10     | Killed an unseen horror
 11068 | D:10     | Noticed Erica
 11076 | D:10     | Noticed Maurice
 11089 | D:10     | Killed Maurice
 11089 | D:10     | Killed Erica
 11424 | D:10     | Found a runed translucent door.
 11429 | D:10     | Found a shimmering altar of Xom.
 11429 | D:10     | Noticed Frank's ghost (journeyman DsGl)
 11430 | D:10     | Noticed a +2 flail of chaos
 11582 | D:10     | Reached XP level 11. HP: 51/61 MP: 4/23
 12915 | D:12     | Reached skill level 9 in Conjurations
 12915 | D:12     | Reached ***** piety under Vehumet
 12922 | D:12     | Offered knowledge of Fireball by Vehumet.
 13139 | D:12     | Noticed a manticore
 13143 | D:12     | Killed a manticore
 13143 | D:12     | Reached skill level 10 in Conjurations
 14058 | Lair:1   | Entered Level 1 of the Lair of Beasts
 14065 | Lair:1   | Learned a level 5 spell: Fireball
 14176 | Lair:1   | Reached skill level 11 in Conjurations
 15104 | Lair:1   | Reached XP level 12. HP: 66/66 MP: 17/25
 15355 | Lair:1   | Reached skill level 12 in Conjurations
 16998 | Lair:2   | Noticed Gastronok
 17010 | Lair:2   | Killed Gastronok
 17010 | Lair:2   | Reached skill level 13 in Conjurations
 17419 | Lair:3   | Noticed a five-headed hydra
 17425 | Lair:3   | Killed a five-headed hydra
 17727 | Lair:3   | Found a staircase to the Shoals.
 17748 | Lair:3   | Reached skill level 14 in Conjurations
 17955 | Lair:3   | Found a dark tunnel.
 17970 | Volcano  | Entered a volcano
 18852 | Volcano  | Noticed a two-headed ogre
 18852 | Volcano  | Noticed a two-headed ogre
 18858 | Volcano  | Killed a two-headed ogre
 18868 | Volcano  | Killed a two-headed ogre
 18879 | Volcano  | Noticed a red draconian
 18891 | Volcano  | Noticed a two-headed ogre
 19036 | Volcano  | Noticed a two-headed ogre
 19051 | Volcano  | Killed a two-headed ogre
 19051 | Volcano  | Reached skill level 15 in Conjurations
 19051 | Volcano  | Reached XP level 13. HP: 71/71 MP: 15/26
 19208 | Volcano  | Noticed an ogre mage
 19248 | Volcano  | Found a radiant altar of Vehumet.
 19384 | Volcano  | Killed an ogre mage
 19482 | Volcano  | Killed from afar by a red draconian

Illustrated notes

Levels and vault maps discovered:
D:1:      eino_arrival_druids_welcome, layout_basic, minmay_misc_feat_square,
          minmay_misc_feat_room, minivault_26, chequers_serial_rivers_small_a,
          chequers_serial_rivers_micro_c
D:2:      layout_loops_ring, vehumet_crystals, nemelex_xobeh_ov_fountains_minmay
D:3:      layout_rooms, good_gods_mini_temple,
          gammafunk_temple_overflow_forgotten, first_ration, uniq_robin,
          uniq_purgy
D:4:      layout_basic, minmay_temple_entry_slanted, serial_shops,
          kennysheep_little_box, uniq_blork_the_orc
D:5:      layout_basic
D:6:      layout_basic
D:7:      layout_loops_ring, nicolae_overflow_hidden_temple, serial_shops,
          nicolae_shop_competitors_out_of_business, uniq_maggie,
          uniq_prince_ribbit1
D:8:      layout_basic, gammafunk_temple_overflow_arena, lair_entry_dummy,
          serial_shops, nicolae_shop_statue_plus
D:9:      layout_small_grid
D:10:     layout_cave_pools, orc_david_3, ebering_ghost_xom, uniq_maurice,
          uniq_erica
D:11:     layout_roguey
D:12:     layout_roguey, david_nohive_1
Lair:1:   layout_small_grid, serial_bayou_lake_a
Lair:2:   layout_regular_city, st_stairs_10, grunt_megastairs_3, uniq_gastronok
Lair:3:   layout_long_grid, elwin_shoals_entry_rooms,
          nicolae_volcano_entry_batcave, uniq_sonja
Volcano:  volcano_grotto [vgs_dualism]

Skill      XL: |  1  2  3  4  5  6  7  8  9 10 11 12 |
---------------+-------------------------------------+-----
Poison Magic   | 4 5 6 7 |  7.0
Spellcasting   | 3 4 6 8 9 |  9.0
Shields        | 1 5 |  5.3
Conjurations   | 5 8 11 15 | 15.5
Earth Magic    | 4 8 |  8.3
Dodging        | |  2.0
Stealth        | |  2.6
Transmutations | |  1.0
Air Magic      | |  0.1

Action                   |  1- 3 |  4- 6 |  7- 9 | 10-12 | 13-15 || total
-------------------------+-------+-------+-------+-------+-------++-------
Melee: Unarmed           |    28 |       |       |       |       ||    28
       Constrict         |    19 |    15 |    35 |    32 |       ||   101
       Tentacles         |    10 |    16 |    25 |    27 |       ||    78
       Dagger            |    36 |    39 |    64 |       |       ||   139
       Whip              |       |    15 |    89 |       |       ||   104
       Spear             |       |       |     4 |   127 |       ||   131
       Staff             |       |       |       |    14 |       ||    14
Throw: Dart              |    12 |       |       |       |       ||    12
 Cast: Sting             |    24 |    18 |     3 |       |       ||    45
       Olgreb's Toxic Ra |       |    18 |    46 |   112 |    12 ||   188
       Mephitic Cloud    |       |     2 |    11 |    10 |     3 ||    26
       Ignite Poison     |       |     1 |    22 |    88 |     9 ||   120
       Stone Arrow       |       |       |    14 |    55 |       ||    69
       Fireball          |       |       |       |     6 |       ||     6
Evoke: Wand              |       |       |       |     5 |     3 ||     8
  Use: Scroll            |       |       |    10 |     1 |     1 ||    12
       Potion            |       |       |       |     3 |     1 ||     4
 Stab: Sleeping          |    12 |     5 |     1 |     3 |       ||    21
       Distracted        |       |     1 |       |       |       ||     1
       Paralysed         |       |       |       |     1 |       ||     1
  Eat: Chunk             |     3 |    10 |    19 |    32 |       ||    64
       Ration            |       |       |     2 |     2 |     1 ||     5
Armor: Skin              |     5 |     5 |     6 |    10 |       ||    26
Dodge: Dodged            |    52 |    33 |    71 |    76 |     3 ||   235
Block: Buckler           |       |    15 |    67 |    56 |     2 ||   140
